 Dungeon Crawl Stone Soup version 0.19.1 (webtiles) character file.

840 GordonOverkill the Conjurer (level 7, -5/39 HPs)
             Began as a Deep Elf Conjurer on Dec 10, 2016.
             Was a Follower of Vehumet.
             Slain by TheSquall's ghost (17 damage)
             ... on level 5 of the Dungeon.
             The game lasted 00:12:51 (4992 turns).

GordonOverkill the Conjurer (Deep Elf Conjurer)     Turns: 4992, Time: 00:12:51

Health: -5/39      AC:  4    Str:  5    XL:     7   Next: 67%
Magic:  8/18       EV: 14    Int: 22    God:    Vehumet [*.....]
Gold:   150        SH:  4    Dex: 15    Spells: 4 memorised, 6 levels left

rFire  . . .     SeeInvis .     u - +1 dagger (venom)
rCold  . . .     Gourm    .     a - +0 robe
rNeg   . . .     Faith    .     (no shield)
rPois  .         Spirit   .     (no helmet)
rElec  .         Reflect  +     D - +1 cloak {MR+}
rCorr  .         Harm     .     (no gloves)
MR     +....                    (no boots)
Stlth  ++........               t - +4 amulet of reflection
                                (no ring)
                                i - ring of flight

@: no status effects
A: no striking features
a: Renounce Religion, Evoke Flight


You were on level 5 of the Dungeon.
You worshipped Vehumet.
Vehumet was aware of your devotion.
You were not hungry.

You visited 1 branch of the dungeon, and saw 5 of its levels.

You collected 150 gold pieces.

Inventory:

Hand Weapons
 u - a +1 dagger of venom (weapon)
Missiles
 e - 13 tomahawks (quivered)
Armour
 a - a +0 robe (worn)
 D - a +1 cloak of magic resistance (worn)
Jewellery
 i - a ring of flight (left hand)
 j - an uncursed ring of fire
 t - a +4 amulet of reflection (around neck)
 z - an uncursed ring of resist corrosion {unknown}
 B - an uncursed ring of resist corrosion {unknown}
Scrolls
 d - a scroll of recharging
 f - 3 scrolls of remove curse
 k - a scroll of fear {unknown}
 l - 2 scrolls of identify {unknown}
 p - a scroll of fog {unknown}
 r - a scroll of magic mapping {unknown}
 s - a scroll of teleportation {unknown}
 w - a scroll of noise {unknown}
 y - 2 scrolls of amnesia {unknown}
Potions
 g - 2 potions of curing {unknown}
 h - a potion of haste {unknown}
 m - a potion of brilliance {unknown}
 n - a potion of mutation {unknown}
 o - a potion of heal wounds {unknown}
 v - 2 potions of lignification {unknown}
 A - 3 potions of agility {unknown}
 C - 2 potions of invisibility {unknown}
Books
 b - a book of Conjurations

   Spells                             Type                      Level
   a - Magic Dart                     Conjuration                  1
   b - Searing Ray                    Conjuration                  2
   c - Dazzling Spray                 Conjuration/Hexes            3
   d - Fulminant Prism                Conjuration/Hexes            4
   e - Iskenderun's Mystic Blast      Conjuration                  4
   f - Iskenderun's Battlesphere      Conjuration/Charms           5
Comestibles
 c - 5 bread rations
 q - 2 meat rations
 x - 4 fruits
 E - 3 chunks of flesh


   Skills:
 + Level 1.9 Fighting
 - Level 4.1 Dodging
 - Level 2.4 Stealth
 + Level 6.4 Spellcasting
 * Level 7.9 Conjurations
 + Level 3.1 Charms


You had 6 spell levels left.
You knew the following spells:

 Your Spells              Type           Power        Failure   Level  Hunger
a - Magic Dart            Conj           ####         1%          1    None
b - Searing Ray           Conj           #####.       1%          2    None
c - Iskenderun's Battles  Conj/Chrm      ####....     28%         5    #####..
d - Iskenderun's Mystic   Conj           #####...     3%          4    ###....


Dungeon Overview and Level Annotations

Branches:
Dungeon (5/15)
 Temple: D:4-7

Altars:
Vehumet
Xom
Yredelemnul
The Shining One

Annotations:
D:5 TheSquall's ghost, novice MiFi


Message History

TheSquall's ghost is moderately damaged.
TheSquall's ghost misses you.
The searing ray hits TheSquall's ghost.
TheSquall's ghost is moderately damaged.
You finish channeling your searing ray.
TheSquall's ghost hits you!
Casting: Searing Ray
Confirm with . or Enter, or press ? or * to list all spells.
Aiming: Searing Ray
Press: ? - help, Shift-Dir - straight line, f/p - TheSquall's ghost
Aim: TheSquall's ghost (moderately damaged)
The searing ray hits TheSquall's ghost.
TheSquall's ghost is heavily damaged.
TheSquall's ghost hits you.
The searing ray hits TheSquall's ghost.
TheSquall's ghost is heavily damaged.
TheSquall's ghost hits you!
The searing ray hits TheSquall's ghost.
TheSquall's ghost is severely damaged.
TheSquall's ghost hits you!
You die...

###..#### ####.......#
....#..##.########
##................
.##.......#.########
.........##.# ... #...#.###.#
#.#### ##..W....# .....#
###@#.### .# #.##.# #+...# #.#
#.##.# #...#.## #.# ###.##.#
#....#..########.# .......##
#....###..........#
###<#...####....# ##..##.....#
...).......+...##...##........#
###.#...####..##..8..##.......#
#.##...#...# ..8.8..##......#


You could see TheSquall's ghost.

Vanquished Creatures
  Sigmund (D:3)
  Edmund (D:4)
  An orc warrior (D:3)
  An ogre (D:5)
  A centaur skeleton (D:4)
  An orc wizard (D:3)
  An orc priest (D:3)
  Crazy Yiuf (D:4)
  4 worker ants (D:4)
  7 adders
  2 oozes
  A worm (D:4)
  3 dart slugs
  4 leopard geckos
  11 orcs (D:3)
  3 giant cockroaches
  3 goblins
  12 hobgoblins
  7 jackals (D:4)
  A quokka (D:3)
  3 ball pythons
  7 bats
  4 frilled lizards
  3 kobolds
  15 rats
98 creatures vanquished.

Notes
Turn   | Place    | Note
-------+----------+-------------------------------------------
     0 | D:1      | GordonOverkill the Deep Elf Conjurer began the quest for the Orb.
     0 | D:1      | Reached XP level 1. HP: 10/10 MP: 6/6
   195 | D:1      | Reached XP level 2. HP: 15/15 MP: 5/8
   199 | D:1      | Learned a level 2 spell: Searing Ray
   386 | D:1      | Reached skill level 5 in Conjurations
   773 | D:1      | Reached XP level 3. HP: 16/19 MP: 2/10
  1328 | D:2      | Found a basalt altar of Yredelemnul.
  1738 | D:3      | Noticed an orc warrior
  1864 | D:3      | Reached XP level 4. HP: 24/24 MP: 8/12
  1950 | D:3      | Noticed Sigmund
  1960 | D:3      | Killed Sigmund
  1960 | D:3      | Reached skill level 5 in Spellcasting
  1960 | D:3      | Reached skill level 6 in Conjurations
  1960 | D:3      | Reached XP level 5. HP: 17/28 MP: 3/14
  2086 | D:3      | Found a shimmering altar of Xom.
  2094 | D:3      | Found a radiant altar of Vehumet.
  2101 | D:3      | Became a worshipper of Vehumet
  2215 | D:3      | Reached XP level 6. HP: 32/32 MP: 11/15
  2467 | D:3      | Learned a level 5 spell: Iskenderun's Battlesphere
  2472 | D:3      | Learned a level 4 spell: Iskenderun's Mystic Blast
  3037 | D:3      | Killed an orc warrior
  3037 | D:3      | Reached skill level 1 in Charms
  3395 | D:4      | Reached * piety under Vehumet
  3395 | D:4      | Offered knowledge of Flame Tongue by Vehumet.
  3441 | D:4      | Reached skill level 7 in Conjurations
  3572 | D:4      | Noticed Edmund
  3580 | D:4      | HP: 1/33 [Edmund/dire flail of draining (2)]
  3582 | D:4      | Killed Edmund
  3582 | D:4      | Reached skill level 1 in Fighting
  3582 | D:4      | Reached XP level 7. HP: 1/38 MP: 4/18
  4652 | D:4      | Found a runed door.
  4837 | D:4      | Noticed Crazy Yiuf
  4840 | D:4      | Killed Crazy Yiuf
  4884 | D:5      | Entered Level 5 of the Dungeon
  4929 | D:5      | Found a glowing golden altar of the Shining One.
  4971 | D:5      | Noticed TheSquall's ghost (novice MiFi)
  4992 | D:5      | Slain by TheSquall's ghost

Skill      XL: |  1  2  3  4  5  6  7 |
---------------+----------------------+-----
Conjurations   | 5 6 7 |  7.9
Spellcasting   | 4 5 6 |  6.4
Dodging        | 3 4 |  4.1
Charms         | 2 3 |  3.1
Fighting       | 1 |  1.9
Stealth        | |  2.4

Action                   |  1- 3 |  4- 6 |  7- 9 || total
-------------------------+-------+-------+-------++-------
Melee: Dagger            |     5 |       |       ||     5
Throw: Tomahawk          |     2 |       |       ||     2
 Cast: Magic Dart        |    93 |    55 |    49 ||   197
       Searing Ray       |       |    17 |     7 ||    24
  Use: Scroll            |     2 |       |       ||     2
  Eat: Chunk             |     3 |     5 |     4 ||    12
Armor: Robe              |     2 |     1 |     1 ||     4
Dodge: Dodged            |     6 |     6 |    10 ||    22
Block: Other             |     1 |     3 |     2 ||     6
       Reflection        |     1 |       |       ||     1
